 Dungeon Crawl Stone Soup version 0.31-a0-692-gf03d1854d5 (webtiles) character file.

Game seed: 16046856294428342162

1855 qw the Skirmisher (level 9, -3/55 HPs)
             Began as a Gargoyle Hunter on Sept 6, 2023.
             Was an Initiate of Okawaru.
             Slain by an unseen horror (9 damage)
             ... on level 6 of the Dungeon.
             The game lasted 00:02:22 (4481 turns).

qw the Skirmisher (Gargoyle Hunter)                 Turns: 4481, Time: 00:02:23

Health: -3/55      AC: 16    Str: 16    XL:     9   Next: 12%
Magic:  10/10      EV: 12    Int:  9    God:    Okawaru [......]
Gold:   231        SH:  5    Dex: 17    Spells: 8/8 levels left

rFire   . . .        Y - +1 shortbow
rCold   + . .        (shield currently unavailable)
rNeg    + . .        i - +2 leather armour {rC+}
rPois   inf          (no helmet)
rElec   +            m - +1 cloak
rCorr   .            (no gloves)
SInv    .            l - +2 pair of boots
Will    .....        k - amulet of reflection
Stlth   ++           (no ring)
HPRegen 0.29/turn    (no ring)
MPRegen 0.12/turn

%: reflection
@: no status effects
A: sickness immunity, AC +6, negative energy resistance 1, electricity
resistance, torment resistance 1, petrification resistance, mutation resistance
1
a: Renounce Religion


You were on level 6 of the Dungeon.
You worshipped Okawaru.
Okawaru was noncommittal.
You visited 2 branches of the dungeon, and saw 7 of its levels.
You also visited: Sewer.

You collected 231 gold pieces.


Innate Abilities, Weirdness & Mutations

You are immune to sickness and miasma.
Your stone body is resilient. (AC +6)
You are immune to poison.
You resist negative energy. (rN+)
You are resistant to electric shocks. (rElec)
You are resistant to unholy torment.
You are immune to petrification.
You are somewhat resistant to further mutation.


   Skills:
 - Level 6.3 Fighting
 - Level 10.2 Ranged Weapons
 - Level 2.0 Armour
 + Level 2.8 Dodging
 - Level 1.1 Stealth
 - Level 1.8 Invocations


You had 8 spell levels left.
You didn't know any spells.
Your spell library was empty.

Inventory:

Hand Weapons
 Y - a +1 shortbow (weapon)
Armour
 i - a +2 leather armour of cold resistance (worn)
 l - a +2 pair of boots (worn)
 m - a +1 cloak (worn)
Jewellery
 k - an amulet of reflection (around neck)
Wands
 g - a wand of digging (7)
Scrolls
 a - a scroll of identify
 e - 3 scrolls of teleportation
Potions
 b - a potion of heal wounds
 c - a potion of haste
 d - a potion of cancellation
 f - a potion of might
 h - a potion of enlightenment {unknown}
 j - a potion of berserk rage {unknown}
 n - a potion of mutation
 o - a potion of degeneration {unknown}

Dungeon Overview and Level Annotations

Branches:
Dungeon (6/15)             Temple (1/1) D:4           Sewer (visited)

Altars:
Cheibriados
Elyvilon
Fedhas
Hepliaklqana
Kikubaaqudgha
Okawaru
Sif Muna
Uskayaw
Yredelemnul
The Shining One

Annotations:
D:5 1 runed translucent door


Message History

Something hits you.
You shoot an arrow. Something hits you.
You shoot an arrow. Something hits you but does no damage.
You shoot an arrow. Something hits you but does no damage.
You shoot an arrow. Something hits you but does no damage. Something hits you.
You shoot an arrow. You block something's attack. Something hits you.
You shoot an arrow. Something hits you but does no damage.
You shoot an arrow. Something hits you! Something hits you but does no damage.
You shoot an arrow. Something hits you but does no damage.
You shoot an arrow. You block something's attack. Something hits you.
You shoot an arrow. Something hits you but does no damage.
You shoot an arrow. Something hits you but does no damage. Something hits you.
You shoot an arrow. Something hits you but does no damage.
You shoot an arrow. Something hits you but does no damage.
You shoot an arrow. Something hits you but does no damage.
Something hits you. x2
You shoot an arrow. Something hits you but does no damage.
You shoot an arrow. Something completely misses you.
You shoot an arrow. Something hits you but does no damage.
You block something's attack.
You shoot an arrow.
Something hits you but does no damage. x2
You shoot an arrow. Something hits you!
You die...

#......# ######.....
#####......###..........
#.......................
#.#####.####'####.##.#.#
#.###.....#.......
#...+.....#.##.#.# #
#.###.....#.##.#.# #.#.#
#.....+.##.#.# #+###.#@#
#.....####.#.. ........#
####### #.### ...##.#.#
#.. . #.#.# ... . . #..
#.# ## #(#. ...#. ... .#
.#. #


There were no monsters in sight!

Vanquished Creatures
  A water moccasin (D:5)
  An ice beast (D:5)
  2 black bears (D:5)
  3 ogres
  3 phantoms
  3 kobold brigands (Sewer)
  3 scorpions (D:5)
  2 orc priests (D:5)
  2 hounds
  2 sleepcaps
  An iguana (D:5)
  6 orc wizards
  7 gnolls
  10 adders
  2 river rats (Sewer)
  A shadow imp (D:5)
  A white imp (D:6)
  A worm (D:2)
  A dart slug (D:1)
  3 orcs
  8 endoplasms
  4 giant cockroaches
  5 goblins
  9 hobgoblins
  4 jackals (D:1)
  6 quokkas
  12 ball pythons
  A bat (D:3)
  4 frilled lizards
  8 kobolds (Sewer)
  10 rats
126 creatures vanquished.

Vanquished Creatures (others)
  A kobold brigand (Sewer)
1 creature vanquished.

Grand Total: 127 creatures vanquished

Notes
Turn   | Place    | Note
-------+----------+-------------------------------------------
     0 | D:1      | qw the Gargoyle Hunter began the quest for the Orb.
     0 | D:1      | Reached XP level 1. HP: 12/12 MP: 1/1
     0 | D:1      | 0 ||| qw: Version: 0.3-a-76-g4403597
     0 | D:1      | 0 ||| qw: Game counter: 220
     0 | D:1      | 0 ||| qw: Melee chars always use a shield: true
     0 | D:1      | 0 ||| qw: God list: Okawaru
     0 | D:1      | 0 ||| qw: Allow faded altars: false
     0 | D:1      | 0 ||| qw: Do Orc after clearing Dungeon:15 true
     0 | D:1      | 0 ||| qw: Do second Lair branch before Depths: true
     0 | D:1      | 0 ||| qw: Lair rune preference: random
     0 | D:1      | 0 ||| qw: Goals: Normal
     0 | D:1      | 0 ||| PLANNING D:1-11
    91 | D:1      | Reached XP level 2. HP: 17/17 MP: 2/2
   358 | D:1      | Reached XP level 3. HP: 21/21 MP: 3/3
   471 | D:1      | 471 ||| UPGRADING to +0 pair of boots.
   476 | D:1      | 476 ||| UPGRADING to +2 leather armour of cold resistance.
   486 | D:1      | 486 ||| DROPPING +0 leather armour.
   487 | D:1      | 487 ||| READING scroll labelled UZURATE RASMEFI.
   491 | D:1      | 491 ||| READING scroll labelled QIKEMI DAYSOI.
   492 | D:1      | 492 ||| READING scroll labelled MITYRE SUKLUG.
   493 | D:1      | 493 ||| DROPPING scroll of butterflies.
   567 | D:2      | Reached skill level 5 in Ranged Weapons
   925 | D:2      | Found a faded altar of an unknown god.
  1028 | D:2      | Reached skill level 3 in Fighting
  1028 | D:2      | Reached XP level 4. HP: 20/28 MP: 4/4
  1371 | D:2      | 1371 ||| UPGRADING to amulet of guardian spirit.
  1376 | D:2      | 1376 ||| READING scroll labelled CUDWEN QYSCHU.
  1377 | D:2      | 1377 ||| DRINKING 2 orange potions.
  1404 | D:2      | 1404 ||| DRINKING 2 sedimented cyan potions.
  1405 | D:2      | 1405 ||| DROPPING potion of lignification.
  1435 | D:3      | 1435 ||| PLANNING SEWER
  1435 | D:3      | 1435 ||| STAIRDANCE
  1488 | D:3      | 1488 ||| STAIRDANCE
  1493 | D:2      | Reached XP level 5. HP: 26/32 MP: 3/5
  1523 | D:3      | Identified the +6 dagger of Loweic {heavy, rPois rCorr}
  1630 | D:3      | Noticed a phantom
  1654 | D:3      | Killed a phantom
  1655 | D:3      | Reached skill level 6 in Ranged Weapons
  1819 | D:3      | Reached skill level 1 in Armour
  1848 | D:3      | Reached XP level 6. HP: 37/37 MP: 6/6
  1970 | D:3      | Found a glowing drain.
  1971 | D:3      | 1971 ||| UPGRADING to +1 pair of boots.
  1981 | D:3      | 1981 ||| DROPPING +0 pair of boots.
  1982 | D:3      | 1982 ||| UPGRADING to amulet of reflection.
  1992 | D:3      | 1992 ||| DROPPING amulet of guardian spirit.
  1993 | D:3      | 1993 ||| READING scroll labelled SYFI EWKAPT.
  1994 | D:3      | 1994 ||| READING 2 scrolls labelled SUUKED BIHI.
  1995 | D:3      | 1995 ||| DROPPING scroll of immolation.
  1999 | Sewer    | Entered a sewer
  2023 | Sewer    | 2023 ||| Stepping ~*~*~tactically~*~*~ (water).
  2108 | Sewer    | 2108 ||| Stepping ~*~*~tactically~*~*~ (water).
  2147 | Sewer    | 2147 ||| READING scroll of enchant armour.
  2147 | Sewer    | 2147 ||| ENCHANTING +1 pair of boots.
  2183 | Sewer    | 2183 ||| Stepping ~*~*~tactically~*~*~ (water).
  2201 | Sewer    | 2201 ||| Stepping ~*~*~tactically~*~*~ (water).
  2266 | Sewer    | 2266 ||| Stepping ~*~*~tactically~*~*~ (water).
  2390 | Sewer    | 2390 ||| Stepping ~*~*~tactically~*~*~ (water).
  2399 | Sewer    | Reached skill level 7 in Ranged Weapons
  2399 | Sewer    | Reached XP level 7. HP: 44/44 MP: 7/7
  2496 | Sewer    | 2496 ||| Stepping ~*~*~tactically~*~*~ (water).
  2534 | Sewer    | 2534 ||| READING scroll labelled NALO VEKIO.
  2558 | D:3      | 2558 ||| PLANNING D:1-11
  2582 | D:4      | 2582 ||| STAIRDANCE
  2590 | D:4      | 2590 ||| STAIRDANCE
  2596 | D:4      | 2596 ||| STAIRDANCE
  2604 | D:4      | 2604 ||| STAIRDANCE
  2788 | D:4      | Reached skill level 8 in Ranged Weapons
  2792 | D:4      | 2792 ||| FLEEEEING.
  2830 | D:4      | 2830 ||| FLEEEEING.
  2831 | D:4      | 2831 ||| FLEEEEING.
  2832 | D:4      | 2832 ||| FLEEEEING.
  2833 | D:4      | 2833 ||| FLEEEEING.
  2838 | D:4      | 2838 ||| FLEEEEING.
  2840 | D:4      | 2840 ||| STAIRDANCE
  2872 | D:3      | 2872 ||| UPGRADING to +0 cloak.
  2877 | D:3      | 2877 ||| READING scroll of enchant armour.
  2877 | D:3      | 2877 ||| ENCHANTING +0 cloak.
  2878 | D:3      | 2878 ||| READING 3 scrolls of identify.
  2878 | D:3      | 2878 ||| IDENTIFYING glowing black potion
  2879 | D:3      | 2879 ||| READING 2 scrolls of identify.
  2879 | D:3      | 2879 ||| IDENTIFYING white potion
  2880 | D:3      | 2880 ||| DROPPING potion of attraction.
  2989 | D:4      | Found a staircase to the Ecumenical Temple.
  2990 | D:4      | 2990 ||| PLANNING TEMPLE
  2990 | D:4      | 2990 ||| READING scroll labelled UNUYKL RUBBUHA.
  2991 | D:4      | 2991 ||| READING 2 scrolls of identify.
  2991 | D:4      | 2991 ||| IDENTIFYING emerald potion
  2992 | D:4      | 2992 ||| DROPPING potion of brilliance.
  2998 | Temple   | Entered the Ecumenical Temple
  2999 | Temple   | 2999 ||| PLANNING D:1-11
  3058 | D:4      | 3058 ||| Stepping ~*~*~tactically~*~*~ (retreating).
  3059 | D:4      | 3059 ||| Stepping ~*~*~tactically~*~*~ (retreating).
  3061 | D:4      | Reached XP level 8. HP: 49/50 MP: 8/8
  3306 | D:4      | 3306 ||| READING 2 scrolls of identify.
  3306 | D:4      | 3306 ||| IDENTIFYING lumpy red potion
  3326 | D:5      | Entered Level 5 of the Dungeon
  3383 | D:5      | Reached skill level 9 in Ranged Weapons
  3466 | D:5      | Found an iron altar of Okawaru.
  3466 | D:5      | Found a runed translucent door.
  3467 | D:5      | 3467 ||| PLANNING OKAWARU WORSHIP
  3467 | D:5      | 3467 ||| READING 2 scrolls of identify.
  3467 | D:5      | 3467 ||| IDENTIFYING ruby potion
  3473 | D:5      | Found the +0 toga "Victory" {*Victory Clar}
  3475 | D:5      | Became a worshipper of Warmaster Okawaru
  3476 | D:5      | 3476 ||| PLANNING D:1-11
  3538 | D:5      | Reached skill level 6 in Fighting
  3807 | D:5      | Reached * piety under Okawaru
  3894 | D:5      | 3894 ||| INVOKING Heroism.
  3898 | D:5      | Reached skill level 10 in Ranged Weapons
  3957 | D:5      | Reached skill level 1 in Invocations
  3957 | D:5      | Reached XP level 9. HP: 55/55 MP: 8/10
  3977 | D:5      | 3977 ||| INVOKING Heroism.
  3993 | D:5      | 3993 ||| INVOKING Heroism.
  3994 | D:5      | 3994 ||| Stepping ~*~*~tactically~*~*~ (outnumbered).
  4369 | D:5      | 4369 ||| DRINKING 2 glowing clear potions.
  4369 | D:5      | Gained mutation: You are somewhat resistant to further
                  | mutation. [potion of mutation]
  4405 | D:6      | 4405 ||| PLANNING OSSUARY
  4444 | D:6      | 4444 ||| Stepping randomly (disturbance).
  4445 | D:6      | 4445 ||| Stepping randomly (disturbance).
  4446 | D:6      | 4446 ||| Stepping randomly (disturbance).
  4473 | D:6      | HP: 11/55 [something (5)]
  4476 | D:6      | HP: 4/55 [something (4)]
  4481 | D:6      | Slain by an unseen horror

Levels and vault maps discovered:
D:1:      dpeg_arrival_orchard, layout_basic
D:2:      layout_basic, chequers_ecumenical_altar_island
D:3:      layout_basic, gup_sewer_entry_bowl
D:4:      layout_rooms, minmay_temple_entry_butterflies, grunt_decor_arrowhead
D:5:      layout_basic, nicolae_overflow_guarded_unrand_okawaru_victory
D:6:      layout_basic, nicolae_overflows_in_rows, enter_ossuary_4
Temple:   chequers_temple_sunken

Skill      XL: |  1  2  3  4  5  6  7  8  9 |
---------------+----------------------------+-----
Ranged Weapons | 5 6 7 8 10 | 10.2
Fighting       | 3 4 5 6 |  6.3
Armour         | 1 2 |  2.0
Dodging        | 2 |  2.8
Invocations    | 1 |  1.8
Stealth        | |  1.1

Action                     |  1- 3 |  4- 6 |  7- 9 || total
---------------------------+-------+-------+-------++-------
   Fire: Shortbow          |   121 |   170 |   290 ||   581
 Invoke: Heroism           |       |       |     3 ||     3
    Use: Scroll            |     3 |     4 |     8 ||    15
         Potion            |       |     2 |     1 ||     3
 Armour: Leather armour    |    26 |    55 |   122 ||   203
  Dodge: Dodged            |    41 |    69 |    61 ||   171
  Block: Other             |       |     6 |    19 ||    25
         Reflection        |       |     1 |     2 ||     3

Table legend:
 A = Non-vault XP
 B = Vault XP
 C = Vault XP percentage of total XP
 D = Non-vault monster count
 E = Vault monster count
 F = Vault count percentage of total count
                 A         B        C        D         E       F
            +---------+---------+-------+---------+---------+-------
      Total |    2232 |     419 |  15.8 |      96 |      31 |  24.4
            +---------+---------+-------+---------+---------+-------
        D:1 |      38 |       0 |   0.0 |      21 |       0 |   0.0
        D:2 |     136 |       0 |   0.0 |      20 |       0 |   0.0
        D:3 |     194 |       4 |   2.0 |      13 |       3 |  18.8
        D:4 |     539 |       0 |   0.0 |      21 |       0 |   0.0
        D:5 |    1314 |       0 |   0.0 |      20 |       0 |   0.0
        D:6 |      11 |       0 |   0.0 |       1 |       0 |   0.0
      Sewer |       0 |     415 | 100.0 |       0 |      28 | 100.0
            +---------+---------+-------+---------+---------+-------
